Map: Stargazers

Players

lllIlllIllIl - Winner!

  • Race: Protoss Protoss
  • League: Master
  • Spawn Location: 11:00

marcj (uThermal)

  • Race: Terran Terran
  • League: Master
  • Spawn Location: 1:00

VOD

Have the link to the VOD?

Description

Time

  • Played on: Jan. 5, 2023, 10:04 a.m.
  • Length: 9:34
Show
View Real Time Build Order
Export as new Build Order

lllIlllIllIl Protoss - Winner!

Build Orders: 1 Gate Expand, Blink Stalkers 

Get SALT Encoding   

  12  0:00  Probe  
  13  0:12  Probe  
  14  0:17  Pylon  
  14  0:24  Probe (Chrono Boost)  
  15  0:36  Probe (Chrono Boost), Gateway  
  16  0:44  Probe (Chrono Boost)  
  16  0:45  Assimilator  
  17  0:51  Probe  
  18  1:03  Probe  
  19  1:21  Probe  
  19  1:23  Cybernetics Core  
  20  1:30  Nexus  
  20  1:34  Probe  
  20  1:39  Pylon  
  21  1:46  Probe  
  22  1:47  Assimilator  
  22  1:56  Adept (Chrono Boost)  
  22  1:58  Probe  
  22  2:00  Warp Gate  
  25  2:10  Probe  
  26  2:17  Adept (Chrono Boost)  
  26  2:22  Probe  
  29  2:27  Twilight Council  
  29  2:36  Probe (Chrono Boost)  
  30  2:37  Gateway  
  30  2:42  Probe (Chrono Boost)  
  33  2:51  Probe (Chrono Boost)  
  33  2:52  Probe (Chrono Boost)  
  33  2:57  Probe (Chrono Boost)  
  33  2:58  Probe  
  33  3:01  Blink (Chrono Boost)  
  35  3:09  Probe  
  35  3:10  Probe  
  37  3:14  Robotics Facility  
  37  3:21  Probe  
  37  3:22  Probe  
  37  3:26  Gateway  
  39  3:27  Gateway  
  39  3:33  Probe  
  40  3:36  Probe  
  40  3:38  Pylon  
  41  3:45  Probe  
  42  3:48  Probe  
  42  3:54  Pylon  
  42  3:55  Assimilator, Stalker  
  45  3:57  Probe  
  45  3:59  Stalker, Warp Prism (Chrono Boost)  
  50  4:05  Probe  
  50  4:09  Probe  
  52  4:17  Pylon  
  52  4:28  Stalker x4  
  60  4:34  Probe x2  
  60  4:36  Assimilator  
  62  4:39  Shield Battery  
  60  4:51  Pylon  
  60  4:54  Stalker x3, Sentry  
  66  5:03  Probe  
  66  5:05  Probe  
  55  5:15  Probe  
  55  5:16  Robotics Bay  
  55  5:18  Probe  
  55  5:20  Stalker x3  
  63  5:21  Stalker  
  63  5:27  Probe  
  66  5:30  Probe  
  67  5:39  Probe  
  67  5:42  Probe  
  69  5:52  Nexus  
  69  5:53  Observer (Chrono Boost)  
  69  5:54  Pylon  
  70  6:04  Stalker x4  
  78  6:12  Probe x2  
  78  6:13  Pylon  
  78  6:25  Colossus (Chrono Boost)  
  74  6:30  Probe  
  74  6:32  Probe  
  80  6:33  Extended Thermal Lance  
  80  6:38  Charge  
  80  6:42  Probe  
  80  6:43  Forge  
  80  6:46  Probe  
  82  6:54  Probe  
  82  6:58  Probe  
  84  7:02  Colossus (Chrono Boost)  
  84  7:03  Sentry  
  84  7:05  Probe  
  84  7:06  Probe, Shield Battery, Sentry  
  84  7:07  Zealot x2  
  100  7:10  Probe  
  101  7:22  Pylon  
  101  7:24  Gateway  
  101  7:25  Gateway  
  101  7:28  Stalker x3  
  83  7:44  Probe x2  
  83  7:45  Colossus (Chrono Boost)  
  83  7:50  Stalker  
  89  7:56  Probe  
  89  7:58  Zealot x3  
  93  8:02  Gateway  
  96  8:05  Observer  
  96  8:06  Gateway  
  96  8:07  Probe  
  96  8:08  Gateway  
  96  8:10  Probe  
  98  8:19  Pylon  
  98  8:20  Pylon  
  98  8:22  Zealot x4, Sentry  
  108  8:30  Colossus (Chrono Boost), Pylon  
  114  8:37  Nexus  
  114  8:38  Probe  
  114  8:40  Probe  
  116  8:45  Sentry  
  118  8:50  Zealot x4  
  124  8:57  Shield Battery  
  124  9:04  Zealot x3  
  124  9:08  Probe  
  131  9:12  Stalker  
Show
View Real Time Build Order
Export as new Build Order

marcj Terran 

Build Orders:  

Get SALT Encoding   

  12  0:00  SCV  
  13  0:12  SCV  
  14  0:17  Supply Depot  
  14  0:24  SCV  
  15  0:38  SCV  
  15  0:40  Barracks  
  16  0:43  Refinery  
  16  0:50  SCV  
  17  1:02  SCV  
  18  1:14  SCV  
  19  1:27  Marine, Orbital Command  
  20  1:39  Command Center  
  20  1:45  Barracks Reactor  
  20  1:53  SCV  
  21  1:57  Supply Depot  
  21  2:06  SCV  
  22  2:08  Barracks  
  22  2:18  SCV  
  22  2:21  Marine x2  
  25  2:26  Barracks  
  25  2:30  SCV  
  26  2:40  Marine x2  
  26  2:41  Bunker  
  26  2:43  SCV  
  29  2:51  Orbital Command  
  29  2:56  Barracks Tech Lab  
  29  2:58  Marine, SCV  
  30  3:01  Marine  
  32  3:10  SCV  
  33  3:14  Barracks Tech Lab  
  33  3:15  Marine, Stimpack  
  33  3:18  Marine  
  35  3:20  Marine  
  35  3:24  SCV  
  38  3:27  SCV  
  38  3:33  Marine x2, Combat Shield  
  40  3:36  Marine  
  40  3:38  Marine  
  40  3:39  Supply Depot  
  42  3:41  SCV  
  42  3:42  SCV  
  42  3:47  Supply Depot  
  44  3:53  SCV  
  44  3:54  SCV  
  46  4:00  Marine x4, Factory  
  50  4:05  Supply Depot  
  50  4:06  SCV x2  
  52  4:18  Marine x4, SCV x2  
  58  4:27  Engineering Bay  
  58  4:31  SCV  
  58  4:36  Marine x4  
  58  4:37  Supply Depot  
  62  4:45  SCV  
  63  4:47  Factory Reactor, Starport  
  63  4:50  SCV  
  63  4:51  Supply Depot, Refinery  
  64  4:54  Marine  
  64  4:57  SCV  
  65  5:06  SCV  
  58  5:07  Marine  
  58  5:11  SCV  
  58  5:12  Marine  
  53  5:15  Marauder x2  
  53  5:18  Bunker  
  53  5:19  SCV  
  58  5:22  Supply Depot, Refinery  
  58  5:23  SCV  
  58  5:27  Refinery  
  58  5:28  Marine  
  59  5:30  Marine  
  59  5:31  Concussive Shells, SCV  
  61  5:36  Marauder x2  
  61  5:38  SCV  
  62  5:43  SCV  
  62  5:46  Marine, Supply Depot  
  62  5:49  Medivac  
  65  5:54  Supply Depot  
  65  5:56  SCV  
  66  5:57  Marine, Marauder, SCV  
  66  5:58  Marauder  
  66  6:02  Medivac  
  66  6:04  Marine  
  74  6:08  SCV  
  74  6:09  SCV  
  77  6:15  Marine  
  74  6:19  Medivac, Marauder x2  
  74  6:21  Marine  
  78  6:31  SCV x2  
  78  6:32  Medivac  
  78  6:33  Marine  
  78  6:37  Command Center  
  79  6:40  Marine  
  79  6:41  Marine, Marauder  
  79  6:45  Factory Reactor  
  79  6:46  SCV x2  
  85  6:49  Terran Infantry Weapons Level 1  
  85  6:51  Marine  
  86  6:57  Medivac  
  86  6:59  SCV  
  87  7:03  Marine  
  87  7:04  Marauder  
  87  7:05  SCV  
  91  7:09  Marine  
  91  7:14  Marine  
  91  7:15  Barracks  
  91  7:16  Barracks  
  91  7:21  Marine  
  95  7:23  Widow Mine x2  
  95  7:27  Medivac  
  90  7:40  Marine  
  90  7:41  Marauder  
  85  7:45  Medivac  
  85  7:58  Marine, SCV  
  85  7:59  Medivac  
  85  8:00  Marine  
  85  8:02  Marauder  
  85  8:04  Barracks Tech Lab x2  
  85  8:05  SCV  
  92  8:08  Marauder  
  92  8:10  SCV  
  95  8:16  Missile Turret x2  
  95  8:17  SCV  
  96  8:20  Orbital Command  
  96  8:22  SCV  
  96  8:25  Marauder  
  96  8:26  Marine  
  100  8:28  Marine  
  100  8:29  SCV  
  100  8:32  Marauder  
  104  8:34  SCV  
  104  8:36  Marine, Marauder  
  108  8:41  Widow Mine, SCV  
  108  8:43  Marine, Widow Mine  
  108  8:46  Marine  
  108  8:47  Supply Depot, SCV  
  116  8:49  Marine  
  116  8:53  Marine  
  116  8:54  Marauder  
  121  8:55  SCV  
  121  8:57  Marine  
  121  9:02  SCV  
  123  9:03  Marine  
  123  9:05  Supply Depot  
  123  9:06  Marine  
  123  9:09  Marauder  
  129  9:10  Marine  
  129  9:11  SCV  
Tags
 
Composition
Blink Stalkers
Matchup
PvT
Player
uThermal
Spawn Locations
Close Positions
Add a new tag
Caveats
  • Supply blocks, unpowered buildings, or Contaminate may cause inaccurate times.
  • Supply counts are checked every 10 seconds.